 Dungeon Crawl Stone Soup version 0.29-a0-284-gf9362112df (webtiles) character file.

Game seed: 8849133810390672972

9 spaghetti the Sneak (level 2, 0/24 HPs)
             Began as a Demonspawn Delver on Mar 24, 2022.
             Splashed by a jelly's acid (1 damage)
             ... on level 5 of the Dungeon.
             The game lasted 00:00:38 (98 turns).

spaghetti the Sneak (Demonspawn Delver)               Turns: 98, Time: 00:00:39

Health: 0/24       AC: -5    Str: 12    XL:     2   Next: 3%
Magic:  2/2        EV: 11    Int: 11    God:
Gold:   4          SH:  0    Dex: 14    Spells: 1/1 levels left

rFire   . . .      SeeInvis .   h - +0 quarterstaff {staff}
rCold   . . .      Faith    .   (shield currently unavailable)
rNeg    . . .      Spirit   .   b - +0 leather armour
rPois   .          Reflect  .   (no helmet)
rElec   .          Harm     .   (no cloak)
rCorr   .          Rampage  .   (no gloves)
Will    .....                   (no boots)
Stlth   ++........              (no amulet)
HPRegen 0.08/turn               (no ring)
MPRegen 0.08/turn               (no ring)

@: corroded
A: weakness stinger 1
a: no special abilities


You were on level 5 of the Dungeon.
You visited 1 branch of the dungeon, and saw 2 of its levels.

You collected 4 gold pieces.


Innate Abilities, Weirdness & Mutations

You have a small tail.


   Skills:
 + Level 3.6 Fighting
 - Level 1.7 Maces & Flails
 - Level 1.7 Dodging
 - Level 4.5 Stealth


You had one spell level left.
You didn't know any spells.
Your spell library was empty.

Inventory:

Hand Weapons
 a - a +0 mace {mace}
 h - a +0 quarterstaff (weapon) {staff}
   (You found it on level 5 of the Dungeon)
Armour
 b - a +0 leather armour (worn)
Wands
 g - a wand of digging (3)
Scrolls
 c - a scroll of fog
 d - a scroll of magic mapping {!r}
Potions
 f - a potion of haste {@q3}

Dungeon Overview and Level Annotations

Branches:
Dungeon (6/15)
 Temple: D:4-7

Altars:

....# #....# ./.#
#....# .J.# #....#
....# #....# .....
#####....#......
##...#....#......
#...@J..........#####
#....#....#. ....
####+#....#+#####....
##...###........[....
#.....)#.............
#....(.+.............
#S...s.#.............
########.........####
.........†.......#...


You could see a jelly.


Message History

Options error: Bad monster_list_colour key: strict_neutral (~/.crawlrc:4776) ✅ Successfully initialized magus.rc [v1.9.6] Welcome, spaghetti the Demonspawn Delver.
It is said that the Orb of Zot exists deep within this dungeon.
Press ? for a list of commands and other information.
Found a scale mail.
Found a stone staircase leading down.
You climb downwards.
There is a stone staircase leading up here.
Unknown command.
A jelly comes into view.
A jelly is nearby!
A jelly is nearby!
There is a stone staircase leading up here.
You climb upwards.
There is a stone staircase leading down here.
You now have 4 gold pieces.
You open the door.
There is an open door here.
There is an open door here.
An adder comes into view.
An adder is nearby!
An adder is nearby!
You see here a +0 quarterstaff {staff}.
h - a +0 quarterstaff {staff}
h - a +0 quarterstaff (weapon)
{staff} An adder comes into view.
An adder is nearby!
An adder is nearby!
The adder hisses angrily.
The adder misses you.
You hit the adder but do no damage. The adder closely misses you.
The adder bites you but does no damage.
You hit the adder. The adder bites you. 😕 HP[-3]
You take 3 damage, and now have 15/18 hp.
You hit the adder.
You kill the adder!
You have reached level 2!
Your demonic ancestry asserts itself...
You grow a small tail. 😕 HP[+5] MP[+1]
You now have 24 max hp (+6).
You regained 5 hp, and now have 20/24 hp.
Your mp is fully restored (2).
Unknown command.
A black bear comes into view.
You see here an adder corpse.
You open the door.
A scorpion comes into view.
An adder comes into view.
There is an open door here. 😕 HP[+1]
You close the door.
A sky beast comes into view.
You open the door.
A jelly comes into view.
Okay, then.
Okay, then.
As you read the scroll of fear, it crumbles to dust.
You assume a fearsome visage.
The sky beast looks frightened!
The jelly looks frightened!
The jelly quivers.
The jelly jiggles.
You close the door.
The sky beast flickers out of sight!
Deactivating autopickup; reactivate with Ctrl-A.
You open the door.
There is an open door here. 😕 HP[+1]
You close the door.
You start resting.
You hear a distant slurping noise.
You hear a slurping noise.
The jelly eats the door!
A jelly is nearby! 😕 HP[+1]
You sock the jelly!
Your hands burn!
The jelly hits you but does no damage. 😕 HP[-4]
You take 4 damage, and now have 19/24 hp.
Okay, then.
Okay, then.
Okay, then.
You hit the jelly.
Your hands burn!
The jelly closely misses you.
The jelly hits you but does no damage. 😮 HP[-2]
You take 2 damage, and now have 17/24 hp.
You hit the jelly but do no damage.
Your hands burn!
The jelly hits you but does no damage. 😮 HP[-3]
You take 3 damage, and now have 14/24 hp.
You hit the jelly.
Your hands burn!
The jelly hits you.
* * * LOW HITPOINT WARNING * * *
The acid corrodes you!
You are splashed with acid!
* * * LOW HITPOINT WARNING * * *
😱 HP[-13]
You take 13 damage, and now have 1/24 hp.
MASSIVE DAMAGE!! (PAUSE)
Okay, then.
Okay, then.
You hit the jelly. The acid corrodes you!
Your hands burn!
You die...

Action                   || total
-------------------------++-------
Melee: Quarterstaff      ||     8
  Use: Scroll            ||     1
Armor: Leather armour    ||     4
Dodge: Dodged            ||     3

Levels and vault maps discovered:
D:5:      layout_gridville, nicolae_shop_gadgets, uniq_sigmund
D:6:      layout_basic, uniq_edmund

Notes
Turn   | Place    | Note
-------+----------+-------------------------------------------
     0 | D:5      | spaghetti the Demonspawn Delver began the quest for the
                  | Orb.
     0 | D:5      | Reached XP level 1. HP: 18/18 MP: 1/1
     0 | D:5      | magus.rc [v1.9.6]
     8 | D:6      | Noticed a jelly
    55 | D:5      | Gained mutation: You have a small tail. [demonic ancestry]
    55 | D:5      | Reached XP level 2. HP: 20/24 MP: 2/2
    55 | D:5      | Noticed a black bear
    60 | D:5      | Noticed a scorpion
    64 | D:5      | Noticed a sky beast
    97 | D:5      | HP: 1/24 [acid (10)]
    98 | D:5      | Splashed by a jelly's acid

Vanquished Creatures
  An adder (D:5)
1 creature vanquished.

Table legend:
 A = Non-vault XP
 B = Vault XP
 C = Vault XP percentage of total XP
 D = Non-vault monster count
 E = Vault monster count
 F = Vault count percentage of total count
                 A         B        C        D         E       F
            +---------+---------+-------+---------+---------+-------
      Total |      13 |       0 |   0.0 |       1 |       0 |   0.0
            +---------+---------+-------+---------+---------+-------
        D:5 |      13 |       0 |   0.0 |       1 |       0 |   0.0
            +---------+---------+-------+---------+---------+-------

Illustrated notes

Table legend:
 A = Kills in this place as a percentage of kills in entire the game.
 B = Kills by you in this place as a percentage of kills by you in the entire game.
 C = Kills by friends in this place as a percentage of kills by friends in the entire game.
 D = Other kills in this place as a percentage of other kills in the entire game.
 E = Experience gained in this place as a percentage of experience gained in the entire game.
 F = Experience gained in this place divided by the number of levels of this place that you have seen.
                   A       B       C       D       E      F
               +-------+-------+-------+-------+-------+----------------------
         Total | 100.0 | 100.0 |   N/A |   N/A | 100.0 |   6.5
       Dungeon | 100.0 | 100.0 |   N/A |   N/A | 100.0 |   6.5
               +-------+-------+-------+-------+-------+----------------------

Table legend: (Time is in decaauts)
 A = Elapsed time spent in this place.
 B = Non-inter-level travel time spent in this place.
 C = Inter-level travel time spent in this place.
 D = Time resting spent in this place.
 E = Time spent auto-exploring this place.
 F = Levels seen in this place.
 G = Mean time per level.
                   A        B        C        D        E       F      G
               +--------+--------+--------+--------+--------+-----+--------+
         Total |     99 |     99 |      0 |     17 |     31 |   2 |   49.5 |
       Dungeon |     99 |     99 |      0 |     17 |     31 |   2 |   49.5 |
               +--------+--------+--------+--------+--------+-----+--------+

Top non-repeatable levels by time:
     D:5: 84 daAuts
     D:6: 14 daAuts
